 Dungeon Crawl Stone Soup version 0.28.0-53-g5a82cb258f (webtiles) character file.

Game seed: 3887749768692653467

576 Sin92 the Chopper (level 7, -2/55 HPs)
             Began as a Demonspawn Fighter on July 28, 2022.
             Slain by a gnoll
             ... wielding a +0 halberd
              (3 damage)
             ... on level 5 of the Dungeon.
             The game lasted 00:05:24 (4454 turns).

Sin92 the Chopper (Demonspawn Fighter)              Turns: 4454, Time: 00:05:25

Health: -2/55      AC:  9    Str: 18    XL:     7   Next: 13%
Magic:  7/7        EV:  9    Int:  9    God:
Gold:   173        SH:  5    Dex: 13    Spells: 6/6 levels left

rFire   . . .      SeeInvis .   a - +1 war axe
rCold   . . .      Faith    .   c - +0 buckler
rNeg    . . .      Spirit   .   b - +1 scale mail
rPois   .          Reflect  .   g - +0 helmet
rElec   .          Harm     .   (no cloak)
rCorr   .          Rampage  .   (no gloves)
Will    .....                   (no boots)
Stlth   ..........              (no amulet)
HPRegen 0.18/turn               (no ring)
MPRegen 0.20/turn               (no ring)

@: hasted, very quick
A: spiny 2, magic regeneration, sturdy frame 1
a: no special abilities


You were on level 5 of the Dungeon.
You visited 1 branch of the dungeon, and saw 5 of its levels.
You also visited: Sewer.

You collected 173 gold pieces.

Inventory:

Hand Weapons
 a - a +1 war axe (weapon)
Armour
 b - a +1 scale mail (worn)
 c - a +0 buckler (worn)
 g - a +0 helmet (worn)
Scrolls
 e - a scroll of identify
 f - 3 scrolls of enchant armour
 i - a scroll of enchant weapon
 k - a scroll of fear
 n - a scroll of teleportation
Potions
 h - a potion of curing
 j - a potion of degeneration
 o - a potion of mutation


   Skills:
 + Level 4.5 Fighting
 * Level 4.7 Axes
 + Level 4.1 Armour
 + Level 4.0 Shields


You had 6 spell levels left.
You didn't know any spells.
Your spell library contained the following spells:

 Spells                   Type           Power      Damage    Failure   Level
 Animate Skeleton         Necr           0%         N/A       71%         1
 Pain                     Necr           0%         1d4       71%         1
 Blink                    Tloc           0%         N/A       85%         2
 Lesser Beckoning         Tloc           0%         N/A       97%         3
 Vampiric Draining        Necr           0%         2d6       97%         3
 Manifold Assault         Tloc           0%         N/A       100%        5
 Summon Forest            Summ/Tloc      0%         N/A       100%        5
 Eringya's Noxious Bog    Tmut/Pois      0%         N/A       100%        6
 Summon Hydra             Summ           0%         N/A       100%        7


Dungeon Overview and Level Annotations

Branches:
Dungeon (5/15)              Sewer (visited)
 Temple: D:4-7

Altars:
Kikubaaqudgha
Uskayaw


Innate Abilities, Weirdness & Mutations

You are mostly covered in sharp spines.
You regenerate magic rapidly.
Your movements are slightly less encumbered by armour. (ER -2)


Message History

You barely miss the gnoll shaman.
The gnoll shaman is heavily wounded.
The gnoll closely misses you.
The gnoll shaman hits you but does no damage.
The gnoll hits you but does no damage.
The gnoll shaman hits you but does no damage.
You feel better. The gnoll hits you but does no damage. The gnoll misses you.
You feel yourself speed up.
The gnoll hits you from afar with a +0 spear.
The gnoll shaman is struck by your spines.
The gnoll shaman hits you but does no damage.
An orc comes into view. It is wielding a +0 dagger.
You slash the gnoll shaman!
You kill the gnoll shaman!
The gnoll hits you from afar with a +0 spear.
* * * LOW HITPOINT WARNING * * *
The gnoll hits you from afar with a +0 spear.
* * * LOW HITPOINT WARNING * * *
The gnoll hits you from afar with a +0 spear.
* * * LOW HITPOINT WARNING * * *
Things that are here:
a +0 club; a +0 robe The gnoll is struck by your spines.
The gnoll hits you with a +0 spear.
* * * LOW HITPOINT WARNING * * *
You closely miss the gnoll.
The gnoll is heavily wounded.
The gnoll hits you but does no damage.
You slash the gnoll!
You kill the gnoll!
You block the gnoll's attack. The gnoll hits you with a +0 halberd!
* * * LOW HITPOINT WARNING * * *
Things that are here:
a +0 spear; a gnoll corpse You slash the gnoll!
The gnoll is severely wounded.
You barely miss the gnoll.
The gnoll is severely wounded.
The gnoll is struck by your spines. The gnoll hits you with a +0 halberd.
You die...

#. .# #.##.##
#..... ....#
.. ... .# ###
#.# .# #.. #.#
. #.# #.#
#.#.# #@#
#.#.#####g# .
#..oo{g.o.#
..gg##.#######
....gl.Z..#
....o##.#.#
....
#.#.#######
..o
#.........# #.
###.#####.#


You could see a gnoll and an orc.

Vanquished Creatures
  A necrophage (D:4)
  2 bullfrogs (Sewer)
  A scorpion (D:4)
  A gnoll shaman (D:5)
  A bullfrog skeleton (D:4)
  An iguana (D:5)
  An orc wizard (D:5)
  A hound skeleton (D:4)
  4 gnolls (D:5)
  3 adders
  A worm (D:2)
  A dart slug (D:4)
  3 orcs
  9 ball pythons
  10 endoplasms
  10 giant cockroaches
  5 goblins
  12 hobgoblins
  5 kobolds
  20 quokkas
  3 bats (D:1)
  12 frilled lizards
  5 rats
112 creatures vanquished.

Notes
Turn   | Place    | Note
-------+----------+-------------------------------------------
     0 | D:1      | Sin92 the Demonspawn Fighter began the quest for the Orb.
     0 | D:1      | Reached XP level 1. HP: 18/18 MP: 1/1
   150 | D:1      | Gained mutation: You regenerate magic rapidly. [demonic
                  | ancestry]
   150 | D:1      | Reached XP level 2. HP: 18/24 MP: 2/2
  1035 | D:1      | Found a faded altar of an unknown god.
  1375 | D:2      | Reached XP level 3. HP: 29/29 MP: 3/3
  2265 | D:3      | Found an ancient bone altar of Kikubaaqudgha.
  2305 | D:3      | Found a hide-covered altar of Uskayaw.
  3327 | D:4      | Noticed a scorpion
  3392 | D:4      | Noticed a necrophage
  3396 | D:4      | Gained mutation: You are partially covered in sharp spines.
                  | [demonic ancestry]
  3396 | D:4      | Reached XP level 4. HP: 35/35 MP: 4/4
  3398 | D:4      | Killed a necrophage
  3399 | D:4      | Gained mutation: You are mostly covered in sharp spines.
                  | [demonic ancestry]
  3399 | D:4      | Reached XP level 5. HP: 36/42 MP: 5/5
  3468 | D:4      | Found a glowing drain.
  3472 | Sewer    | Entered a sewer
  3805 | Sewer    | Reached XP level 6. HP: 41/48 MP: 6/6
  4406 | D:5      | Entered Level 5 of the Dungeon
  4437 | D:5      | Reached XP level 7. HP: 10/55 MP: 7/7
  4438 | D:5      | Gained mutation: Your movements are slightly less
                  | encumbered by armour. (ER -2) [potion of mutation]
  4452 | D:5      | HP: 1/55 [gnoll/+0 halberd (8)]
  4454 | D:5      | Slain by a gnoll

Illustrated notes

Levels and vault maps discovered:
D:1:      psy_arrival_radial01, layout_basic,
          dreamdust_ecumenical_altar_angels_and_demons, serial_aquarium,
          aquarium_bridge_island_small [aquarium_subvault_small_open,
          aquarium_subvault_balcony, aquarium_subvault_window,
          aquarium_subvault_bridge, aquarium_subvault_balcony],
          aquarium_window_corridor_1, aquarium_window_2, aquarium_window_corner,
          aquarium_view_2e
D:2:      layout_rooms, grunt_decor_mini_mirrors, serial_bayou_pond_e
D:3:      layout_loops_ring, general_overflow_altar,
          mainiacjoe_overflow_brackets, lemuel_flame_loot_1
D:4:      layout_basic, gup_sewer_entry_bowl, amethyst_killhole
D:5:      layout_loops_ring, serial_shops, shop,
          eino_small_chamber_without_monster

Skill      XL: |  1  2  3  4  5  6 |
---------------+-------------------+-----
Axes           | 2 3 4 |  4.7
Armour         | 3 4 |  4.1
Shields        | 3 4 |  4.0
Fighting       | 4 |  4.5

Action                   |  1- 3 |  4- 6 |  7- 9 || total
-------------------------+-------+-------+-------++-------
Melee: War axe           |   119 |   101 |     8 ||   228
  Use: Scroll            |     7 |     4 |       ||    11
       Potion            |     1 |     1 |     4 ||     6
Armor: Scale mail        |    64 |    36 |     6 ||   106
Dodge: Dodged            |    43 |    38 |     3 ||    84
Block: Buckler           |    29 |    30 |     2 ||    61
